 Dungeon Crawl Stone Soup version 0.26.1-11-gd32895ea62 (webtiles) character file.

Game seed: 7402327629612513302

835 Kukuleta the Reanimator (level 7, 0/46 HPs)
             Began as a Demonspawn Necromancer on July 1, 2021.
             Slain by an orc warrior
             ... wielding a +0 dire flail
              (17 damage)
             ... on level 6 of the Dungeon.
             The game lasted 00:24:24 (10908 turns).

Kukuleta the Reanimator (Demonspawn Necromancer)   Turns: 10908, Time: 00:24:25

Health: 0/46       AC:  4    Str:  9      XL:     7   Next: 66%
Magic:  2/13       EV: 19    Int: 18      God:
Gold:   224        SH:  0    Dex: 17 (19) Spells: 6/14 levels left

rFire    x . .     SeeInvis .   t - +1 short sword
rCold    + + +     Faith    .   (no shield)
rNeg     . . .     Spirit   .   a - +0 robe
rPois    .         Reflect  .   (no helmet)
rElec    .         Harm     .   (no cloak)
rCorr    .         Rampage  .   (no gloves)
Will     .....                  (boots unavailable)
Stlth    ++........             (no amulet)
HPRegen  0.15/turn              p - ring "Xomasch" {rC+ Dex+6}
MPRegen  0.13/turn              o - ring of ice

@: agile, very slightly contaminated
A: talons 3, molten scales 1, cold resistance 1, powered by pain 1
a: no special abilities


You were on level 6 of the Dungeon.
You visited 1 branch of the dungeon, and saw 7 of its levels.

You collected 224 gold pieces.

Inventory:

Hand Weapons
 b - a +0 club
 t - a +1 short sword (weapon)
Armour
 a - a +0 robe (worn)
 g - a cursed +0 robe
Jewellery
 e - an uncursed ring of protection from fire
 o - a ring of ice (right hand)
 p - the ring "Xomasch" (left hand) {rC+ Dex+6}
   (You found it on level 4 of the Dungeon)

   [ring of dexterity]

   It affects your dexterity (+6).
   It protects you from cold.
 A - an uncursed ring of stealth
Wands
 m - a wand of acid (5)
 u - a wand of disintegration (18)
Scrolls
 f - 4 scrolls of teleportation
 i - a scroll of enchant weapon
 k - a scroll of blinking
 n - a scroll of remove curse
 s - a scroll of amnesia {unknown}
 v - a scroll of identify
 y - a scroll of immolation
Potions
 c - a potion of haste {unknown}
 d - 2 potions of heal wounds {unknown}
 h - 3 potions of invisibility {unknown}
 j - 2 potions of brilliance {unknown}
 l - 5 potions of curing
 q - a potion of mutation {unknown}
 r - a potion of magic {unknown}
 w - a potion of ambrosia {unknown}
 x - a potion of might {unknown}
 z - a potion of lignification {unknown}


   Skills:
 + Level 1.2 Short Blades
 + Level 4.1 Dodging
 - Level 1.7 Stealth
 + Level 4.2 Spellcasting
 * Level 8.0 Necromancy


You had 6 spell levels left.
You knew the following spells:

 Your Spells              Type           Power        Failure   Level
a - Pain                  Necr           100%         1%          1
b - Vampiric Draining     Necr           16%          1%          3
c - Animate Dead          Necr           16%          5%          4

Your spell library contained the following spells:

 Spells                   Type           Power        Failure   Level
 Animate Skeleton         Necr           64%          1%          1
 Corona                   Hex            3%           14%         1
 Agony                    Necr           32%          16%         5
 Ensorcelled Hibernation  Hex/Ice        10%          22%         2
 Confusing Touch          Hex            3%           41%         3
 Dazzling Flash           Conj/Hex       6%           41%         3
 Tukima's Dance           Hex            3%           41%         3


Dungeon Overview and Level Annotations

Branches:
Dungeon (7/15)
 Temple: D:4-7

Altars:
Hepliaklqana
Wu Jian
Xom
The Shining One

Annotations:
D:1 Terence


Innate Abilities, Weirdness & Mutations

You have claws for feet.
You are partially covered in molten scales. (AC +2)
Your flesh is cold resistant. (rC+)
You sometimes gain a little power by taking damage.


Message History

Aim: an orc warrior, wielding a +0 dire flail and wearing a +0 plate armour (moderately wounded)
The orc warrior is heavily wounded.
You feel life coursing into your body. The orc warrior misses you.
Casting: Vampiric Draining (safe; 1% risk of failure)
Confirm with . or Enter, or press ? or * to list all spells.
You don't have enough magic to cast that spell.
Casting: Vampiric Draining (safe; 1% risk of failure)
Confirm with . or Enter, or press ? or * to list all spells.
You don't have enough magic to cast that spell.
You hit the orc warrior but do no damage.
Your kick misses the orc warrior.
The orc warrior is heavily wounded.
The orc warrior closely misses you.
You barely miss the orc warrior. You claw the orc warrior.
The orc warrior is severely wounded.
The orc warrior completely misses you.
You closely miss the orc warrior.
The orc warrior is severely wounded.
The orc warrior hits you with a +0 dire flail!
You die...

########
#####......######################
....#......#........#..........#.
....#......#........#..........'.
....#......#........#..........#.
.##.#......#..####'###..##..#####
.##.##.....#..###..###..##..##
.....#.....#...#@o...........#
.....#.....#...#)............#
.....'.....#...#.............#
.#####.....#######'####.###.##
.##..#####.......[....#.###.###
.........'รท...........#...'...#
.........#............#...#...#
###..#####............######..#
.##..###.....#####...)......###


You could see an orc warrior.

Vanquished Creatures
  A water moccasin (D:6)
  2 black bears
  An ogre (D:4)
  2 bullfrogs (D:6)
  A quasit (D:4)
  A hound (D:4)
  A worker ant (D:4)
  An iguana (D:4)
  9 adders
  A white imp (D:6)
  2 ufetubi (D:6)
  2 oozes (D:3)
  An adder skeleton (D:4)
  3 worms
  3 dart slugs
  7 leopard geckos
  13 orcs
  6 bats
  A giant cockroach (D:3)
  8 hobgoblins
  8 jackals
  2 quokkas
  5 frilled lizards
  6 goblins
  2 goblin skeletons (D:5)
  A goblin zombie (D:5)
  3 hobgoblin zombies (D:5)
  8 kobolds
  A kobold skeleton (D:5)
  7 rats
109 creatures vanquished.

Vanquished Creatures (collateral kills)
  A hobgoblin (D:3)
1 creature vanquished.

Grand Total: 110 creatures vanquished

Notes
Turn   | Place    | Note
-------+----------+-------------------------------------------
     0 | D:1      | Kukuleta the Demonspawn Necromancer began the quest for the
                  | Orb.
     0 | D:1      | Reached XP level 1. HP: 13/13 MP: 3/3
   473 | D:1      | Gained mutation: Your flesh is cold resistant. (rC+)
                  | [demonic ancestry]
   473 | D:1      | Reached XP level 2. HP: 4/19 MP: 0/5
  1850 | D:2      | Noticed Terence
  2148 | D:2      | Reached skill level 5 in Necromancy
  2205 | D:2      | Found an ornate altar of the Wu Jian Council.
  2216 | D:2      | Gained mutation: You have sharp toenails. [demonic
                  | ancestry]
  2216 | D:2      | Reached XP level 3. HP: 13/24 MP: 0/6
  2362 | D:2      | Learned a level 3 spell: Vampiric Draining
  3485 | D:3      | Gained mutation: You have razor-sharp toenails. [demonic
                  | ancestry]
  3485 | D:3      | Reached XP level 4. HP: 25/30 MP: 3/7
  3669 | D:3      | Learned a level 4 spell: Animate Dead
  4940 | D:3      | Found a hazy altar of Hepliaklqana.
  5196 | D:3      | Gained mutation: You are partially covered in molten
                  | scales. (AC +2) [demonic ancestry]
  5196 | D:3      | Reached XP level 5. HP: 33/35 MP: 6/9
  5343 | D:4      | Reached skill level 6 in Necromancy
  5978 | D:4      | Got a smoking ivory ring
  5980 | D:4      | Identified the ring "Xomasch" {rC+ Dex+6} (You found it on
                  | level 4 of the Dungeon)
  6587 | D:4      | Noticed an ogre
  6730 | D:4      | Killed an ogre
  6731 | D:4      | Gained mutation: You sometimes gain a little power by
                  | taking damage. [demonic ancestry]
  6731 | D:4      | Reached XP level 6. HP: 19/41 MP: 0/11
  7120 | D:5      | Entered Level 5 of the Dungeon
  7366 | D:5      | Found a glowing golden altar of the Shining One.
  7872 | D:5      | HP: 2/41 [phantom (7)]
  9113 | D:6      | Found a shimmering altar of Xom.
  9820 | D:6      | Noticed a water moccasin
  9833 | D:6      | Killed a water moccasin
  9834 | D:6      | Reached skill level 7 in Necromancy
 10170 | D:6      | Gained mutation: You have claws for feet. [demonic
                  | ancestry]
 10170 | D:6      | Reached XP level 7. HP: 37/46 MP: 12/12
 10712 | D:7      | Reached skill level 1 in Short Blades
 10712 | D:7      | Reached skill level 8 in Necromancy
 10908 | D:6      | Slain by an orc warrior

Illustrated notes

Levels and vault maps discovered:
D:1:      lemuel_arrival_river_ford, layout_basic, minmay_tetromino_o2
D:2:      minmay_evil_eye, layout_basic, lemuel_round_altar,
          serial_corexii_hall, corexii_hall_statues_i, corexii_hall_statues_t,
          uniq_terence
D:3:      layout_basic, old_standard_altar
D:4:      layout_basic, minmay_misc_feat_room
D:5:      kennysheep_six_static_rooms, layout_basic,
          nicolae_tso_besieged_by_evil, minmay_temple_entry_statues_fountains
D:6:      layout_gridville, general_overflow_altar
D:7:      layout_loops_corners, fedhas_altar_3, overflow_temple_1_default,
          nicolae_qazlal_style_of_elements, bloody_trog, basic_altar,
          corner_web_ring, uniq_menkaure

Skill      XL: |  1  2  3  4  5  6  7 |
---------------+----------------------+-----
Dodging        | 2 3 4 |  4.1
Necromancy     | 5 6 7 8 |  8.0
Spellcasting   | 3 4 |  4.2
Short Blades   | 1 |  1.2
Stealth        | |  1.7

Action                   |  1- 3 |  4- 6 |  7- 9 || total
-------------------------+-------+-------+-------++-------
Melee: Club              |    35 |   131 |       ||   166
       Kick              |     2 |    45 |     9 ||    56
       Short sword       |       |    91 |    40 ||   131
 Cast: Pain              |    68 |    71 |     2 ||   141
       Vampiric Draining |     3 |    13 |     3 ||    19
       Animate Dead      |       |     3 |       ||     3
Evoke: Wand              |       |     2 |       ||     2
  Use: Scroll            |     3 |     6 |       ||     9
 Stab: Sleeping          |     1 |       |     2 ||     3
Armor: Robe              |    12 |    74 |    15 ||   101
Dodge: Dodged            |    57 |   242 |    33 ||   332
